 Dungeon Crawl Stone Soup version 0.30.1-4-g462c640d31 (webtiles) character file.

Game seed: 8602960905137539650

155247 spardeous the Blocker (level 17, -2/138 HPs)
             Began as a Gnoll Fighter on Aug 26, 2023.
             Was an Initiate of Gozag.
             Slain by a naga mage
             ... wielding a +0 spear
              (15 damage)
             ... on level 3 of the Snake Pit.
             The game lasted 01:25:05 (41856 turns).

spardeous the Blocker (Gnoll Fighter)              Turns: 41856, Time: 01:25:06

Health: -2/138     AC: 30    Str: 25    XL:     17   Next: 64%
Magic:  41/42      EV: 13    Int: 12    God:    Gozag
Gold:   1794       SH: 19    Dex: 12    Spells: 27/40 levels left

rFire   + + +        w - +7 mace of Dinanlell {flame, rElec rF+ rC+}
rCold   + + +        M - +2 kite shield
rNeg    + . .        h - +2 plate armour {rF+}
rPois   +            l - -2 hat of the Alchemist {rElec rPois rF+ rC+ rN+ Will+ rMut rCorr}
rElec   +            O - +2 cloak "Riarow" {rF+ MP+9}
rCorr   +            L - +1 pair of gloves "Sorchyifi" {rC+ Regen+}
SInv    .            V - +2 pair of boots
Will    ++...        c - amulet of the Unkillable {Reflect Str+4 Int+2 SH+5 Stlth+}
Stlth   ++           S - +5 ring of evasion
HPRegen 1.23/turn    b - +4 ring of protection
MPRegen 0.28/turn

%: reflection, resist mutation
@: lethally poisoned (-2 -> -11), about to teleport, gold aura, constricted
A: fangs 1, strong nose, distributed training
a: Renounce Religion, Potion Petition, Call Merchant, Bribe Branch


You were on level 3 of the Snake Pit.
You worshipped Gozag.
Gozag was most pleased with you.
You visited 5 branches of the dungeon, and saw 26 of its levels.
You also visited: Sewer.

You collected 9613 gold pieces.
You spent 2692 gold pieces at shops.
You paid 5127 gold pieces to Gozag.

Inventory:

Hand Weapons
 f - a +1 spectral demon blade
 s - a +2 sling of freezing
 w - the +7 mace of Dinanlell (weapon) {flame, rElec rF+ rC+}
   (You found it on level 4 of the Lair of Beasts)

   rF:        It protects you from fire.
   rC:        It protects you from cold.
   rElec:     It insulates you from electricity.
 Y - a +5 war axe
Armour
 h - a +2 plate armour of fire resistance (worn)
 l - the -2 hat of the Alchemist (worn) {rElec rPois rF+ rC+ rN+ Will+ rMut rCorr}
   (You bought it in a shop on level 4 of the Dungeon)

   rF:        It protects you from fire.
   rC:        It protects you from cold.
   rElec:     It insulates you from electricity.
   rPois:     It protects you from poison.
   rN:        It protects you from negative energy.
   rCorr:     It protects you from acid and corrosion.
   rMut:      It protects you from mutation.
   Will:      It increases your willpower.
 L - the +1 pair of gloves "Sorchyifi" (worn) {rC+ Regen+}
   (You acquired it on level 1 of the Snake Pit)

   rC:        It protects you from cold.
   Regen:     It increases your rate of health regeneration.
 M - a +2 kite shield (worn)
 O - the +2 cloak "Riarow" (worn) {rF+ MP+9}
   (You acquired it on level 9 of the Dungeon)

   rF:        It protects you from fire.
   MP:        It affects your magic capacity (+9).
 V - a +2 pair of boots (worn)
Jewellery
 b - a +4 ring of protection (right hand)
 c - the amulet of the Unkillable (around neck) {Reflect Str+4 Int+2 SH+5 Stlth+}
   (You bought it in a shop on level 2 of the Orcish Mines)

   [amulet of reflection]

   It reflects blocked missile attacks.
   Str:       It affects your strength (+4).
   Int:       It affects your intelligence (+2).
   SH:        It affects your SH (+5).
   Stlth:     It makes you more stealthy.
 i - the ring of Fyjaifra {rF+ Will- rCorr Dex+2}
   (You found it on level 4 of the Lair of Beasts)

   [ring of protection from fire]

   Dex:       It affects your dexterity (+2).
   rF:        It protects you from fire.
   rCorr:     It protects you from acid and corrosion.
   Will:      It decreases your willpower.
 p - a ring of see invisible
 x - an amulet of guardian spirit
 D - a ring of flight
 I - an amulet of magic regeneration
 S - a +5 ring of evasion (left hand)
Wands
 t - a wand of flame (61)
 y - a wand of mindburst (4)
 K - a wand of iceblast (10)
 P - a wand of paralysis (6)
 R - a wand of polymorph (7)
 W - a wand of digging (4)
Scrolls
 e - 3 scrolls of amnesia
 g - 12 scrolls of identify
 j - 3 scrolls of brand weapon
 k - 8 scrolls of magic mapping
 m - 14 scrolls of teleportation
 n - 2 scrolls of silence
 r - 6 scrolls of poison
 u - 2 scrolls of enchant armour
 C - 4 scrolls of immolation
 E - 2 scrolls of fog
 G - 5 scrolls of enchant weapon
 H - a scroll of blinking
 Q - a scroll of butterflies
 T - 2 scrolls of vulnerability
 Z - 3 scrolls of fear
Potions
 a - 4 potions of curing
 d - 6 potions of might
 o - 3 potions of mutation
 q - 4 potions of brilliance
 v - 5 potions of resistance
 z - 5 potions of attraction
 A - 3 potions of ambrosia
 B - 2 potions of invisibility
 F - 3 potions of flight
 J - 3 potions of magic
 N - a potion of heal wounds
 U - 2 potions of lignification
 X - 4 potions of haste


   Skills:
 + Level 13.7 Fighting
 + Level 12.2 Short Blades
 + Level 12.2 Long Blades
 + Level 13.0 Axes
 + Level 12.2 Maces & Flails
 + Level 12.2 Polearms
 + Level 12.2 Staves
 + Level 12.2 Ranged Weapons
 + Level 12.2 Throwing
 + Level 13.7 Armour
 + Level 12.2 Dodging
 + Level 12.2 Stealth
 + Level 13.7 Shields
 + Level 12.2 Unarmed Combat
 + Level 12.2 Spellcasting
 + Level 10.3 Conjurations
 + Level 10.3 Hexes
 + Level 10.3 Summonings
 + Level 10.3 Necromancy
 + Level 10.3 Translocations
 + Level 10.3 Transmutations
 + Level 10.3 Fire Magic
 + Level 10.3 Ice Magic
 + Level 10.3 Air Magic
 + Level 10.3 Earth Magic
 + Level 10.3 Poison Magic
 + Level 13.2 Invocations
 + Level 12.2 Evocations


You had 27 spell levels left.
You knew the following spells:

 Your Spells              Type           Power      Damage    Failure   Level
a - Swiftness             Air            32%        N/A       4%          3
b - Olgreb's Toxic Radia  Pois           32%        N/A       16%         4
c - Frozen Ramparts       Ice            64%        1d10      4%          3
d - Ignite Poison         Fire/Tmut/Pois 32%        N/A       4%          3

Your spell library contained the following spells:

 Spells                   Type           Power      Damage    Failure   Level
 Apportation              Tloc           64%        N/A       1%          1
 Magic Dart               Conj           100%       1d8       1%          1
 Shock                    Conj/Air       100%       1d9       1%          1
 Sting                    Tmut/Pois      100%       1d8       1%          1
 Call Imp                 Summ           64%        N/A       2%          2
 Cigotuvi's Dreadful Rot  Necr/Pois/Air  64%        N/A       2%          2
 Ensorcelled Hibernation  Hex/Ice        64%        N/A       2%          2
 Poisonous Vapours        Pois/Air       64%        N/A       2%          2
 Gell's Gravitas          Tloc           32%        N/A       4%          3
 Mephitic Cloud           Conj/Pois/Air  32%        N/A       4%          3
 Ozocubu's Armour         Ice            32%        N/A       4%          3
 Spider Form              Tmut/Pois      32%        N/A       4%          3
 Teleport Other           Tloc           32%        N/A       4%          3
 Airstrike                Air            16%        2d(3-19)  16%         4
 Anguish                  Hex/Necr       16%        N/A       16%         4
 Ice Form                 Ice/Tmut       32%        N/A       16%         4
 Summon Ice Beast         Ice/Summ       32%        N/A       16%         4
 Alistair's Intoxication  Tmut/Pois      21%        N/A       41%         5
 Freezing Cloud           Conj/Ice/Air   16%        6-21      41%         5
 Metabolic Englaciation   Hex/Ice        16%        N/A       41%         5
 Dispersal                Tloc           16%        N/A       94%         6
 Haunt                    Necr/Summ      16%        N/A       100%        7
 Infestation              Necr           16%        N/A       100%        8
 Animate Dead             Necr           Unusable   N/A       N/A         4
 Simulacrum               Ice/Necr       Unusable   N/A       N/A         6

Dungeon Overview and Level Annotations

Branches:
Dungeon (15/15)            Temple (1/1) D:6            Lair (5/5) D:11
  Swamp (0/4) Lair:2        Snake (3/4) Lair:3        Slime (0/5) Lair:4
    Orc (2/2) D:11            Elf (0/3) Orc:2        Vaults (0/5) D:13
 Depths (0/4) D:15          Sewer (visited)

Altars:
Ashenzari
Cheibriados
Dithmenos
Elyvilon
Fedhas
Gozag
Hepliaklqana
Kikubaaqudgha
Makhleb
Nemelex Xobeh
Okawaru
Qazlal
Ru
Sif Muna
Trog
Uskayaw
Vehumet
Wu Jian
Xom
Yredelemnul
Zin
The Shining One
Jiyva

Shops:
D:3 [   D:4 [   D:7 [   D:10 *   Orc:2 **=!(   Lair:1 [((:(   Snake:1 ?

Portals:
Trove: D:15 (give +4 storm dragon scales)

Annotations:
D:5 3 runed translucent doors, tehkenny's ghost, novice DrBe
D:8 1 runed translucent door, Drain's ghost, novice HOFi


Innate Abilities, Weirdness & Mutations

You have very sharp teeth.
Your uncanny sense of smell can sniff out nearby items.
Your experience applies equally to all skills.


Message History

You are more poisoned.
You resist.
The bolt of poison hits the naga warrior!
The nagaraja constricts you. You block the naga warrior's attack.
The naga warrior shouts!
You take 3 damage, and have 87/138 hp.
Unknown command.
Unknown command.
You sock the naga warrior! You burn the naga warrior.
Your bite misses the naga warrior.
The naga warrior is almost dead.
The frozen ramparts melt away.
You feel very sick.
The naga mage hits you but does no damage.
You block the sea snake's attack.
The naga mage hits you but does no damage.
The nagaraja hits you from afar with a +0 halberd!!!
* * * LOW HITPOINT WARNING * * *
The naga warrior hits you with a +0 scimitar!!
* * * LOW HITPOINT WARNING * * *
The nagaraja spits poison at you.
You block splash of poison... and reflect it back!
The splash of poison hits the nagaraja.
The nagaraja is poisoned.
The nagaraja constricts you. The naga warrior spits poison at you.
You block splash of poison... and reflect it back!
The splash of poison hits the naga warrior.
You take 71 damage, and have 16/138 hp.
MASSIVE DAMAGE!!
Unknown command.
Unknown command.
You sock the naga warrior! You burn the naga warrior.
You kill the naga warrior!
You feel very sick. You block the naga mage's attack.
The naga mage spits poison at you.
The splash of poison hits you but does no damage.
You resist. You block the sea snake's attack. You block the nagaraja's attack.
The naga mage hits you from afar with a +0 spear!
You die...
Your body crumbles into a pile of gold.

.##########...## #.......#.#~~~~~
.# ..####..###.## #.~~~~~~ ##
....###.$....####.#.#~~~~~ #
......#####..........#~~~~ #
≈≈≈≈......^.#.#.#.####.~~~
...≈≈.......#..... ...~.
....~..NSS..###.... ...##
.N.≈S...SNN.####### #. # #
≈≈≈≈...NN@$.)))..### ### # #
......############8###8### ##
....## #..?........ .## ..##
###### #........... ..#########
#....###~~<...#.#.. ..........#
#....##~~~~~###.#.. ..........#
#....#~~~~~~~[..#.. ..........#
#....~~~~~~~~~###..
..........#####....~~~~~~~~~~....


You could see 2 nagarajas, a naga warrior (strong, catching breath), a sea
snake, 2 guardian serpents, 2 naga magi and an electric eel.

Vanquished Creatures
  Vashnia (Snake:2)
  Nikola (Snake:2)
  Asterion (Snake:2)
  A shadow dragon (shapeshifter) (D:15)
  Aizul (Snake:2)
  A spark wasp (Lair:4)
  An ettin (D:15)
  3 hydras (Lair:5)
  An ice dragon (Lair:5)
  4 vault guards (D:12)
  A salamander tyrant (Snake:3)
  2 catoblepae
  An ogre mage (D:12)
  5 centaur warriors
  5 boulder beetles
  9 anacondas
  6 death yaks (Lair:3)
  A ghost crab (Lair:2)
  7 naga warriors
  6 two-headed ogres
  5 shock serpents
  15 naga sharpshooters
  7 tengu warriors
  4 orc high priests
  A skyshark (Lair:5)
  11 skeletal warriors
  A spectral death yak (Lair:2)
  3 salamander mystics
  11 sea snakes
  2 deep trolls (D:15)
  3 naga ritualists
  5 lindwurms
  6 orc knights
  6 mana vipers
  A wizard (D:15)
  6 orc sorcerers
  2 wolf spiders (Lair:5)
  12 ugly things
  4 cyclopes
  5 manticores
  Joseph (D:8)
  7 salamanders
  31 black mambas
  4 guardian serpents
  17 cane toads
  4 gargoyles
  3 efreet
  2 unseen horrors
  9 naga magi
  6 torpor snails
  2 kobold demonologists
  2 rime drakes
  Maggie (D:7)
  6 komodo dragons
  A freezing wraith (D:14)
  2 tengu conjurers
  3 trolls
  A polar bear (shapeshifter) (D:14)
  4 polar bears
  4 tyrant leeches (Lair:5)
  18 blink frogs
  11 hornets
  3 dream sheep (Lair:1)
  Grinder (D:3)
  4 slime creatures
  A vampire (D:12)
  Sigmund (D:3)
  3 shadows
  3 wraiths
  12 wyverns
  60 yaks
  5 basilisks
  8 vampire mosquitoes
  2 redbacks (Lair:5)
  3 steam dragons
  3 wargs (Orc:1)
  20 nagas
  22 water moccasins
  A floating eye (shapeshifter) (D:12)
  23 orc warriors
  2 ice beasts
  A sky beast (D:7)
  3 black bears
  10 ogres
  17 centaurs
  6 phantoms
  A spectral wyvern (Lair:2)
  Blork the orc (D:5)
  9 bullfrogs
  A scorpion (D:4)
  7 wights
  7 killer bees
  4 electric eels
  6 howler monkeys
  6 jellies
  Crazy Yiuf (D:2)
  2 gnoll boudas (D:9)
  12 orc priests
  2 hounds
  2 iguanas (D:6)
  Ijyb (D:3)
  14 orc wizards
  2 sleepcaps
  Robin (D:2)
  12 gnolls
  11 adders
  2 river rats (Sewer)
  3 ufetubi
  3 dart slugs
  A worm (D:3)
  64 orcs
  4 ball pythons
  6 endoplasms
  4 giant cockroaches
  11 goblins
  13 hobgoblins
  7 kobolds
  4 quokkas
  8 bats
  7 frilled lizards
  9 rats
769 creatures vanquished.

Notes
Turn   | Place    | Note
-------+----------+-------------------------------------------
     0 | D:1      | spardeous the Gnoll Fighter began the quest for the Orb.
     0 | D:1      | Reached XP level 1. HP: 23/23 MP: 1/1
   323 | D:1      | Reached XP level 2. HP: 25/29 MP: 2/2
   925 | D:2      | Reached XP level 3. HP: 35/35 MP: 2/4
   989 | D:2      | Reached skill level 1 in Invocations
   998 | D:2      | Reached skill level 1 in Short Blades
   998 | D:2      | Reached skill level 1 in Long Blades
   998 | D:2      | Reached skill level 1 in Maces & Flails
   998 | D:2      | Reached skill level 1 in Polearms
   998 | D:2      | Reached skill level 1 in Staves
   998 | D:2      | Reached skill level 1 in Ranged Weapons
   998 | D:2      | Reached skill level 1 in Throwing
   998 | D:2      | Reached skill level 1 in Dodging
   998 | D:2      | Reached skill level 1 in Stealth
   998 | D:2      | Reached skill level 1 in Unarmed Combat
   998 | D:2      | Reached skill level 1 in Spellcasting
   998 | D:2      | Reached skill level 1 in Evocations
  1026 | D:2      | Noticed Robin
  1043 | D:2      | Reached XP level 4. HP: 21/41 MP: 5/5
  1203 | D:2      | Found a runed translucent door.
  1204 | D:2      | Noticed Crazy Yiuf
  1347 | D:2      | Reached skill level 1 in Conjurations
  1347 | D:2      | Reached skill level 1 in Hexes
  1347 | D:2      | Reached skill level 1 in Summonings
  1347 | D:2      | Reached skill level 1 in Necromancy
  1347 | D:2      | Reached skill level 1 in Translocations
  1347 | D:2      | Reached skill level 1 in Transmutations
  1347 | D:2      | Reached skill level 1 in Fire Magic
  1347 | D:2      | Reached skill level 1 in Ice Magic
  1347 | D:2      | Reached skill level 1 in Air Magic
  1347 | D:2      | Reached skill level 1 in Earth Magic
  1347 | D:2      | Reached skill level 1 in Poison Magic
  1481 | D:2      | Killed Robin
  1772 | D:2      | Reached XP level 5. HP: 45/47 MP: 5/7
  2034 | D:2      | Killed Crazy Yiuf
  2249 | D:3      | Noticed Sigmund
  2278 | D:3      | Killed Sigmund
  2279 | D:3      | Reached skill level 5 in Axes
  2279 | D:3      | Reached XP level 6. HP: 42/53 MP: 7/9
  2357 | D:3      | Noticed Ijyb
  2374 | D:3      | Killed Ijyb
  2446 | D:3      | Noticed Grinder
  2451 | D:3      | Paralysed by Grinder for 2 turns
  2459 | D:3      | Paralysed by Grinder for 4 turns
  2478 | D:3      | Killed Grinder
  2479 | D:3      | Reached XP level 7. HP: 27/60 MP: 10/10
  2616 | D:3      | Found a sparkling altar of Nemelex Xobeh.
  2718 | D:3      | Found Josmel's Antique Armour Shoppe.
  3063 | D:3      | Identified the +3 mace "Itofomij" {pain, Dex+4}
  3753 | D:4      | Found a glowing drain.
  3771 | Sewer    | Entered a sewer
  3801 | Sewer    | Reached XP level 8. HP: 67/67 MP: 12/12
  4252 | D:4      | Found Ixur's Armour Boutique.
  4564 | D:4      | Found a hide-covered altar of Uskayaw.
  4732 | D:5      | Entered Level 5 of the Dungeon
  5064 | D:5      | Noticed Blork the orc
  5071 | D:5      | Killed Blork the orc
  5101 | D:5      | Found a runed translucent gate.
  5101 | D:5      | Found a runed translucent gate.
  5101 | D:5      | Found a runed translucent gate.
  5101 | D:5      | Noticed tehkenny's ghost (novice DrBe)
  5499 | D:5      | Reached XP level 9. HP: 69/73 MP: 14/14
  5721 | D:6      | Found a staircase to the Ecumenical Temple.
  5725 | Temple   | Entered the Ecumenical Temple
  5782 | Temple   | Became a worshipper of Gozag Ym Sagoz the Greedy
  5883 | D:6      | Found a shimmering altar of Xom.
  5888 | D:6      | Found a shimmering blue altar of Sif Muna.
  6476 | D:6      | Found a shadowy altar of Dithmenos.
  6813 | D:7      | Noticed Maggie
  6837 | D:7      | Killed Maggie
  7086 | D:7      | Reached skill level 5 in Invocations
  7316 | D:7      | Found Gedirus's Armour Shop.
  7826 | D:8      | Noticed Joseph
  7853 | D:8      | Killed Joseph
  7854 | D:8      | Reached skill level 5 in Short Blades
  7854 | D:8      | Reached skill level 5 in Long Blades
  7854 | D:8      | Reached skill level 5 in Maces & Flails
  7854 | D:8      | Reached skill level 5 in Polearms
  7854 | D:8      | Reached skill level 5 in Staves
  7854 | D:8      | Reached skill level 5 in Ranged Weapons
  7854 | D:8      | Reached skill level 5 in Throwing
  7854 | D:8      | Reached skill level 5 in Dodging
  7854 | D:8      | Reached skill level 5 in Stealth
  7854 | D:8      | Reached skill level 5 in Unarmed Combat
  7854 | D:8      | Reached skill level 5 in Spellcasting
  7854 | D:8      | Reached skill level 5 in Evocations
  7854 | D:8      | Reached XP level 10. HP: 67/81 MP: 17/17
  8212 | D:8      | Found a stormy altar of Qazlal.
  8294 | D:8      | Found a runed translucent door.
  8294 | D:8      | Noticed Drain's ghost (novice HOFi)
  8294 | D:8      | Noticed a seven-headed hydra
  8672 | D:9      | Noticed a two-headed ogre
  8793 | D:9      | Noticed a two-headed ogre
  8799 | D:9      | Found a burning altar of Makhleb.
  8822 | D:9      | Killed a two-headed ogre
  9963 | D:9      | Identified a scroll of acquirement
  9970 | D:9      | Acquired the +2 cloak "Riarow" {rF+ MP+9}
 10127 | D:8      | Noticed a catoblepas
 10249 | D:8      | Noticed a manticore
 11078 | D:8      | Killed a manticore
 11079 | D:8      | Reached skill level 5 in Conjurations
 11079 | D:8      | Reached skill level 5 in Hexes
 11079 | D:8      | Reached skill level 5 in Summonings
 11079 | D:8      | Reached skill level 5 in Necromancy
 11079 | D:8      | Reached skill level 5 in Translocations
 11079 | D:8      | Reached skill level 5 in Transmutations
 11079 | D:8      | Reached skill level 5 in Fire Magic
 11079 | D:8      | Reached skill level 5 in Ice Magic
 11079 | D:8      | Reached skill level 5 in Air Magic
 11079 | D:8      | Reached skill level 5 in Earth Magic
 11079 | D:8      | Reached skill level 5 in Poison Magic
 11079 | D:8      | Reached XP level 11. HP: 32/89 MP: 14/20
 11317 | D:8      | Killed a catoblepas
 11785 | D:9      | Killed a two-headed ogre
 11927 | D:3      | Bought a faintly humming ring mail for 171 gold pieces
 11927 | D:3      | Identified the +4 ring mail "Witoumeh" {rN+ rCorr Str+5
                  | Slay-3} (You bought it in a shop on level 3 of the Dungeon)
 11998 | D:4      | Bought the -2 hat of the Alchemist {rElec rPois rF+ rC+ rN+
                  | Will+ rMut rCorr} for 519 gold pieces
 11998 | D:4      | Found the -2 hat of the Alchemist {rElec rPois rF+ rC+ rN+
                  | Will+ rMut rCorr}
 12231 | D:10     | Entered Level 10 of the Dungeon
 12231 | D:10     | Found Rocasuci's Assorted Antiques.
 12234 | D:10     | Bought a ruby potion for 28 gold pieces
 12234 | D:10     | Bought a glowing puce potion for 28 gold pieces
 12234 | D:10     | Bought a scroll of identify for 64 gold pieces
 12234 | D:10     | Bought a scroll of identify for 64 gold pieces
 12726 | D:10     | Noticed a two-headed ogre
 12756 | D:10     | Killed a two-headed ogre
 13064 | D:10     | Noticed a two-headed ogre
 13077 | D:10     | Killed a two-headed ogre
 13796 | D:11     | Found a staircase to the Lair.
 14023 | D:11     | Reached XP level 12. HP: 97/97 MP: 22/22
 14049 | D:11     | Found a staircase to the Orcish Mines.
 14588 | D:12     | Noticed a two-headed ogre
 14598 | D:12     | Killed a two-headed ogre
 14797 | D:12     | Noticed a two-headed ogre
 14810 | D:12     | Killed a two-headed ogre
 14811 | D:12     | Reached skill level 10 in Fighting
 14811 | D:12     | Reached skill level 10 in Armour
 14811 | D:12     | Reached skill level 10 in Shields
 15087 | D:12     | Noticed a quicksilver ooze
 15088 | D:12     | a quicksilver ooze changed into a five-headed hydra
 15088 | D:12     | Noticed a five-headed hydra (glowing shapeshifter)
 15091 | D:12     | a six-headed hydra changed into a catoblepas
 15091 | D:12     | Noticed a catoblepas (glowing shapeshifter)
 15098 | D:12     | a catoblepas changed into a minotaur
 15098 | D:12     | Noticed a minotaur (glowing shapeshifter)
 15105 | D:12     | a minotaur changed into an azure jelly
 15105 | D:12     | Noticed an azure jelly (glowing shapeshifter)
 15107 | D:12     | an azure jelly changed into an eleionoma
 15107 | D:12     | Noticed an eleionoma (glowing shapeshifter)
 15110 | D:12     | an eleionoma changed into a fire giant
 15110 | D:12     | Noticed a fire giant (glowing shapeshifter)
 15118 | D:12     | Noticed a stone giant
 15918 | D:12     | Paralysed by a floating eye for 3 turns
 16074 | D:12     | Noticed a boulder beetle
 16166 | D:12     | Killed a boulder beetle
 16380 | D:12     | Noticed a centaur warrior
 16401 | D:12     | Killed a centaur warrior
 16427 | D:12     | Noticed an ogre mage
 16438 | D:12     | Killed an ogre mage
 16477 | D:12     | Noticed a boulder beetle
 16495 | D:12     | Killed a boulder beetle
 16729 | D:13     | Reached XP level 13. HP: 104/104 MP: 25/25
 17015 | D:13     | Found a gate to the Vaults.
 17015 | D:13     | Noticed a vault guard
 17015 | D:13     | Noticed a vault guard
 17015 | D:13     | Noticed a vault guard
 17015 | D:13     | Noticed a vault guard
 17015 | D:13     | You fall into a shaft and drop 2 floors!
 17015 | D:15     | Entered Level 15 of the Dungeon
 17191 | D:15     | Noticed an ettin
 17203 | D:15     | Killed an ettin
 18946 | D:15     | Found a staircase to the Depths.
 19290 | D:13     | Learned a level 3 spell: Swiftness
 19463 | D:13     | Reached skill level 10 in Axes
 19807 | D:12     | Killed a vault guard
 19870 | D:12     | Killed a vault guard
 19887 | D:12     | Killed a vault guard
 20053 | D:12     | Killed a vault guard
 20189 | Lair:1   | Entered Level 1 of the Lair of Beasts
 20957 | Lair:2   | Reached skill level 10 in Invocations
 20957 | Lair:2   | Reached XP level 14. HP: 84/113 MP: 27/27
 21627 | Lair:2   | Found a staircase to the Swamp.
 22395 | Lair:3   | Found a staircase to the Snake Pit.
 24761 | Lair:4   | Found a viscous altar of Jiyva.
 24762 | Lair:4   | Found a staircase to the Slime Pits.
 24958 | Lair:4   | Identified the +7 mace of Dinanlell {flame, rElec rF+ rC+}
 25301 | Lair:4   | Identified the ring of Fyjaifra {rF+ Will- rCorr Dex+2}
 25416 | Lair:5   | Entered Level 5 of the Lair of Beasts
 26464 | Lair:5   | Reached skill level 10 in Short Blades
 26464 | Lair:5   | Reached skill level 10 in Long Blades
 26464 | Lair:5   | Reached skill level 10 in Maces & Flails
 26464 | Lair:5   | Reached skill level 10 in Polearms
 26464 | Lair:5   | Reached skill level 10 in Staves
 26464 | Lair:5   | Reached skill level 10 in Ranged Weapons
 26464 | Lair:5   | Reached skill level 10 in Throwing
 26464 | Lair:5   | Reached skill level 10 in Dodging
 26464 | Lair:5   | Reached skill level 10 in Stealth
 26464 | Lair:5   | Reached skill level 10 in Unarmed Combat
 26464 | Lair:5   | Reached skill level 10 in Spellcasting
 26464 | Lair:5   | Reached skill level 10 in Evocations
 26724 | Lair:4   | Reached XP level 15. HP: 97/120 MP: 29/29
 27946 | Lair:5   | Learned a level 4 spell: Olgreb's Toxic Radiance
 28186 | Lair:5   | Found a runed translucent door.
 28277 | Lair:5   | Paralysed by a hornet for 2 turns
 29505 | Lair:5   | Found a runed translucent door.
 30682 | Orc:1    | Entered Level 1 of the Orcish Mines
 30724 | Orc:1    | Learned a level 3 spell: Frozen Ramparts
 30729 | Orc:2    | Entered Level 2 of the Orcish Mines
 31427 | Orc:2    | Found a staircase to the Elven Halls.
 31528 | Orc:2    | Found Votosumu's Antique Weapon Shop.
 31735 | Orc:2    | Found Pimoek's Distillery.
 32076 | Orc:1    | HP: 6/122 [orc knight/+0 great mace (16)]
 32617 | Orc:2    | Found Veickor's General Store.
 32628 | Orc:2    | Bought a potion of lignification for 30 gold pieces
 32630 | Orc:2    | Found Hummoc's Assorted Antiques.
 32632 | Orc:2    | Found Poosetapp's Jewellery Boutique.
 32674 | Orc:2    | Bought the amulet of the Unkillable {Reflect Str+4 Int+2
                  | SH+5 Stlth+} for 681 gold pieces
 33758 | D:14     | Reached XP level 16. HP: 72/129 MP: 30/30
 34068 | D:14     | Learned a level 3 spell: Ignite Poison
 34909 | D:15     | Noticed a shadow dragon
 34954 | D:15     | Killed a shadow dragon
 35122 | D:15     | Found a portal to a secret trove of treasure.
 35127 | D:15     | Identified the amulet "Fuujaifi" {Spirit Fragile Int+4}
 35833 | D:15     | Found a staircase to the Depths.
 36246 | D:15     | Found a portal to a secret trove of treasure.
 36539 | Snake:1  | Entered Level 1 of the Snake Pit
 37640 | Snake:1  | Found Xemmamas's Magic Scroll Shop.
 37648 | Snake:1  | Bought a scroll of acquirement for 936 gold pieces
 37648 | Snake:1  | Bought a scroll of torment for 171 gold pieces
 37648 | Snake:1  | Acquired the +1 pair of gloves "Sorchyifi" {rC+ Regen+}
 37943 | Snake:1  | Found a radiant altar of Vehumet.
 38721 | Snake:2  | Noticed Asterion
 38745 | Snake:2  | Killed Asterion
 39468 | Snake:2  | Reached XP level 17. HP: 104/137 MP: 22/32
 39664 | Snake:2  | Noticed Vashnia
 39798 | Snake:2  | Killed Vashnia
 39799 | Snake:2  | Reached skill level 10 in Conjurations
 39799 | Snake:2  | Reached skill level 10 in Hexes
 39799 | Snake:2  | Reached skill level 10 in Summonings
 39799 | Snake:2  | Reached skill level 10 in Necromancy
 39799 | Snake:2  | Reached skill level 10 in Translocations
 39799 | Snake:2  | Reached skill level 10 in Transmutations
 39799 | Snake:2  | Reached skill level 10 in Fire Magic
 39799 | Snake:2  | Reached skill level 10 in Ice Magic
 39799 | Snake:2  | Reached skill level 10 in Air Magic
 39799 | Snake:2  | Reached skill level 10 in Earth Magic
 39799 | Snake:2  | Reached skill level 10 in Poison Magic
 39884 | Snake:2  | Noticed Aizul
 39919 | Snake:2  | Killed Aizul
 40570 | Snake:2  | Noticed Nikola
 40587 | Snake:2  | Killed Nikola
 40896 | Snake:3  | HP: 6/137 [sea snake (16)]
 41856 | Snake:3  | Slain by a naga mage

Illustrated notes

Levels and vault maps discovered:
D:1:      heliophobic_arrival_glass_houses, layout_loops_corners
D:2:      layout_loops_cross, minmay_fractal_squares_gapless_5,
          uniq_crazy_yiuf_cottage, uniq_robin
D:3:      layout_basic, lemuel_doored_altar, serial_shops,
          nicolae_shop_tiny_glass, uniq_ijyb, uniq_sigmund, uniq_grinder
D:4:      layout_gridville, nicolae_uskayaw_suspiria, serial_shops,
          nicolae_take_the_stairs, gup_sewer_entry_glass
D:5:      layout_basic, ebering_ghost_rock_garden, uniq_blork_the_orc
D:6:      layout_rooms, marbit_many_paths, mainiacjoe_overflow_catwalk_spiral,
          minmay_temple_entry_drinking_statues
D:7:      layout_rooms, serial_shops, shop, uniq_maggie
D:8:      minmay_klotski, layout_basic, grunt_qazlal_clouds,
          ebering_ghost_inner_flame, glass_columns_c, uniq_joseph
D:9:      layout_loops_corners, mainiacjoe_overflow_small_starburst,
          minmay_quadrilaterals
D:10:     layout_grid_maze, serial_shops, nicolae_stop_n_shop_1
D:11:     layout_roguey, lair_entry_dummy, hiddenorc2_lemuel
D:12:     layout_basic, minmay_evil_grid
D:13:     layout_cross, lightli_vaults_fourway_checkpoint,
          kennysheep_generic_room_7
D:14:     layout_loops_ring, kennysheep_cross_room
D:15:     hangedman_depths_entry_civil_slaughter, layout_gridville,
          columned_hall_lemuel, enter_trove_3
Temple:   hellmonk_temple_of_storms
Lair:1:   layout_hall_layers, grunt_megastairs_1
Lair:2:   layout_loops_ring, nicolae_swamp_entry_spooky,
          infiniplex_staircase_pool
Lair:3:   layout_hall_layers, minmay_snake_entry_guardpost_large, serial_bayou,
          serial_bayou_pond_d, serial_bayou_pond_a, serial_bayou_shore_a,
          serial_bayou_lagoon_b
Lair:4:   layout_regular_city, dpeg_slime_entry_corner,
          chequers_serial_rivers_micro_d, minmay_lindwurm_lava,
          infiniplex_staircase_pool_2
Lair:5:   wormcave, layout_small_grid, hangedman_lair_tendril_chambers
Snake:1:  layout_onion, basic_altar, serial_shops, shop,
          statue_in_the_mist_lemuel
Snake:2:  layout_onion, guppyfry_snake_island, grunt_megastairs_2, uniq_aizul,
          uniq_vashnia, uniq_asterion, uniq_nikola
Snake:3:  nicolae_cobra_stairs, layout_basic, serial_corexii_hall,
          chequers_hall_statues_corner_a, corexii_hall_statues_s
Orc:1:    layout_diamond_mine, kennysheep_orc_chapel
Orc:2:    st_orc_elflike, layout_caves, serial_shops, shop

Skill      XL: |  1  2  3  4  5  6  7  8  9 10 11 12 13 14 15 16 17 |
---------------+----------------------------------------------------+-----
Invocations    | 1 2 3 4 5 6 7 8 10 11 12 13 | 13.2
Short Blades   | 1 2 3 5 6 7 8 9 10 11 12 | 12.2
Long Blades    | 1 2 3 5 6 7 8 9 10 11 12 | 12.2
Maces & Flails | 1 2 3 5 6 7 8 9 10 11 12 | 12.2
Polearms       | 1 2 3 5 6 7 8 9 10 11 12 | 12.2
Staves         | 1 2 3 5 6 7 8 9 10 11 12 | 12.2
Ranged Weapons | 1 2 3 5 6 7 8 9 10 11 12 | 12.2
Throwing       | 1 2 3 5 6 7 8 9 10 11 12 | 12.2
Dodging        | 1 2 3 5 6 7 8 9 10 11 12 | 12.2
Stealth        | 1 2 3 5 6 7 8 9 10 11 12 | 12.2
Unarmed Combat | 1 2 3 5 6 7 8 9 10 11 12 | 12.2
Spellcasting   | 1 2 3 5 6 7 8 9 10 11 12 | 12.2
Evocations     | 1 2 3 5 6 7 8 9 10 11 12 | 12.2
Conjurations   | 1 2 3 4 5 6 7 8 9 10 | 10.3
Hexes          | 1 2 3 4 5 6 7 8 9 10 | 10.3
Summonings     | 1 2 3 4 5 6 7 8 9 10 | 10.3
Necromancy     | 1 2 3 4 5 6 7 8 9 10 | 10.3
Translocations | 1 2 3 4 5 6 7 8 9 10 | 10.3
Transmutations | 1 2 3 4 5 6 7 8 9 10 | 10.3
Fire Magic     | 1 2 3 4 5 6 7 8 9 10 | 10.3
Ice Magic      | 1 2 3 4 5 6 7 8 9 10 | 10.3
Air Magic      | 1 2 3 4 5 6 7 8 9 10 | 10.3
Earth Magic    | 1 2 3 4 5 6 7 8 9 10 | 10.3
Poison Magic   | 1 2 3 4 5 6 7 8 9 10 | 10.3
Axes           | 5 6 7 8 9 10 11 12 13 | 13.0
Fighting       | 7 8 9 10 11 12 13 | 13.7
Armour         | 7 8 9 10 11 12 13 | 13.7
Shields        | 7 8 9 10 11 12 13 | 13.7

Action                     |  1- 3 |  4- 6 |  7- 9 | 10-12 | 13-15 | 16-18 || total
---------------------------+-------+-------+-------+-------+-------+-------++-------
  Melee: War axe           |    67 |    77 |    40 |   405 |   811 |       ||  1400
         Bite              |     4 |     4 |    35 |   121 |   323 |   154 ||   641
         Short sword       |       |    11 |       |       |       |       ||    11
         Mace              |       |       |   244 |   440 |  1178 |   955 ||  2817
   Fire: Sling             |       |    45 |   165 |     1 |       |       ||   211
   Cast: Olgreb's Toxic Ra |       |       |       |       |     1 |    59 ||    60
         Frozen Ramparts   |       |       |       |       |       |    27 ||    27
         Ignite Poison     |       |       |       |       |       |    13 ||    13
 Invoke: Call Merchant     |       |       |       |       |     5 |       ||     5
  Evoke: Wand              |       |       |       |    11 |    31 |       ||    42
    Use: Scroll            |       |       |     8 |    14 |    16 |     6 ||    44
         Potion            |       |       |     3 |     2 |    12 |     4 ||    21
   Stab: Distracted        |       |       |     1 |     3 |     7 |     3 ||    14
         Paralysed         |       |       |       |    11 |    13 |       ||    24
         Sleeping          |       |       |       |     3 |       |       ||     3
 Armour: Scale mail        |    40 |    54 |   179 |   290 |   122 |       ||   685
         Plate armour      |       |       |       |       |   885 |   433 ||  1318
  Dodge: Dodged            |    29 |    33 |   213 |   693 |  1513 |   504 ||  2985
  Block: Buckler           |    23 |    25 |   132 |   265 |   181 |       ||   626
         Kite shield       |       |       |       |       |  1120 |  1165 ||  2285
         Reflection        |       |       |       |       |     1 |   147 ||   148
